 Dungeon Crawl Stone Soup version 0.17-a0-1442-g10bb59b (webtiles) character file.

196 WellDressedCM the Skirmisher (level 6, 0/48 HPs)
             Began as a Human Abyssal Knight on June 27, 2015.
             Was a Believer of Lugonu.
             Succumbed to an adder's poison
             ... on level 4 of the Dungeon.
             The game lasted 00:32:10 (2711 turns).

WellDressedCM the Skirmisher (Human Abyssal Knight) Turns: 2711, Time: 00:32:10

Health: 0/48       AC: 12    Str: 15    XL:     6   Next: 4%
Magic:  7/7        EV:  6    Int: 12    God:    Lugonu [**....]
Gold:   102        SH:  3    Dex: 12    Spells: 0 memorised, 5 levels left

rFire  . . .     SeeInvis .     a - +4 falchion
rCold  . . .     Clarity  .     l - +1 chain mail
rNeg   . . .     SustAt   .     g - +0 buckler (curse)
rPois  .         Gourm    .     (no helmet)
rElec  .         Spirit   .     e - +1 cloak
rCorr  .         Warding  .     (no gloves)
rMut   +         Rnd*Tele +     (no boots)
MR     .....                    b - amulet of resist mutation
Stlth  ..........               (no ring)
                                d - ring of teleportation

@: lethally poisoned (0 -> -3), not resistant to hostile enchantments, extremely
unstealthy
A: no striking features
a: Depart the Abyss, Bend Space, Renounce Religion, Evoke Teleportation


You were on level 4 of the Dungeon.
You worshipped Lugonu.
Lugonu was pleased with you.
You were not hungry.

You visited 1 branch of the dungeon, and saw 4 of its levels.
You visited the Abyss 1 time.

You collected 102 gold pieces.

Inventory:

Hand weapons
 a - a +4 falchion (weapon)
Armour
 e - a +1 cloak (worn)
 g - a cursed +0 buckler (worn)
 i - a +0 ring mail
 l - a +1 chain mail (worn)
Jewellery
 b - an amulet of resist mutation (around neck)
 d - a ring of teleportation (left hand)
Comestibles
 c - 6 bread rations
 f - 2 slices of pizza
 h - 2 meat rations
 j - 5 chunks of flesh
 k - a beef jerky


   Skills:
 + Level 4.0 Fighting
 + Level 3.6 Long Blades
 + Level 2.8 Armour
 + Level 2.2 Dodging
 + Level 1.0 Stealth
 + Level 0.6 Shields
 + Level 2.2 Invocations


You had 5 spell levels left.
You didn't know any spells.

Dungeon Overview and Level Annotations

Branches:
Dungeon (4/15)
 Temple: D:4-7

Altars:
Fedhas
Makhleb
Trog

Annotations:
D:4 Terandir's ghost, average DEIE


Message History

A bat comes into view.
You feel sick.
Terandir's ghost points at you and mumbles some strange words.
The puff of frost hits you!
* * * LOW HITPOINT WARNING * * *
* * * LOW HITPOINT WARNING * * *
You feel sick. The bat hits you but does no damage.
* * * LOW HITPOINT WARNING * * *
You feel sick. The bat hits you but does no damage.
You feel slightly jumpy.
d - a ring of teleportation (left hand)
The bat hits you but does no damage. The worker ant closely misses you.
* * * LOW HITPOINT WARNING * * *
You feel sick. You block the bat's attack.
You aren't carrying any potions.
* * * LOW HITPOINT WARNING * * *
You feel sick.
An orc comes into view. It is wielding a flail.
The worker ant bites you but does no damage.
You die...

.. #. ##. .. #.## #.
..# #. .. #.# #.
....###@### #.
#...o.....###. #.
#..####a#.#.. #.
#.#.#.# #. #b#.#.####
#. ..## #.#........ #
#.
.....#W##...###.##.###<
#..........#.#......
####........#.....###


You could see a worker ant, Terandir's ghost, an orc and a bat.

Vanquished Creatures
  A crimson imp (D:2)
  An orc priest (D:3)
  An orc wizard (D:3)
  A giant frog skeleton (D:4)
  An adder (D:4)
  3 worms
  3 giant geckos
  2 orcs (D:3)
  4 bats
  3 giant cockroaches
  5 goblins
  7 hobgoblins
  6 jackals
  10 kobolds
  2 quokkas
  A giant newt (D:1)
  8 rats
59 creatures vanquished.

Notes
Turn   | Place    | Note
--------------------------------------------------------------
     0 | Abyss:1  | WellDressedCM the Human Abyssal Knight began the quest for the Orb.
     0 | Abyss:1  | Reached XP level 1. HP: 18/18 MP: 2/2
     9 | D:1      | Escaped the Abyss
    72 | D:1      | Reached XP level 2. HP: 13/24 MP: 3/3
   299 | D:1      | Acquired Lugonu's second power
   394 | D:1      | Reached XP level 3. HP: 27/29 MP: 4/4
   924 | D:2      | Found a bloodstained altar of Trog.
  1040 | D:2      | Found a burning altar of Makhleb.
  1279 | D:2      | Reached XP level 4. HP: 31/36 MP: 5/5
  1830 | D:3      | Reached XP level 5. HP: 24/42 MP: 6/6
  1843 | D:3      | Found a blossoming altar of Fedhas.
  2476 | D:3      | Reached skill level 1 in Stealth
  2617 | D:4      | Reached skill level 4 in Fighting
  2687 | D:4      | Noticed Terandir's ghost (average DEIE)
  2696 | D:4      | Reached XP level 6. HP: 29/48 MP: 7/7
  2704 | D:4      | HP: 2/48 [poisoned by an adder]
  2711 | D:4      | Succumbed to an adder's poison

Vault maps used:
D:1:      dpeg_arrival_pits, grunt_decor_cap
D:2:      old_standard_altar, makhleb_grotto_becter
D:3:      fedhas_altar_2
D:4:      first_bread, roderic_batcave

Action                   |  1- 3 |  4- 6 || total
-------------------------+-------+-------++-------
Melee: Falchion          |   102 |   110 ||   212
Invok: Bend Space        |     2 |     1 ||     3
 Abil: Evoke Teleportati |     1 |     1 ||     2
  Use: Scroll            |     5 |     3 ||     8
       Potion            |     1 |     4 ||     5
  Eat: Chunk             |     1 |     1 ||     2
       Bread ration      |     1 |       ||     1
